 Dungeon Crawl Stone Soup version 0.27-a0-124-g19cb506db8 (webtiles) character file.

Game seed: 8603137607848459827

279 knot the Chopper (level 6, 33/72 HPs)
             Began as a Demonspawn Berserker on Jan 26, 2021.
             Was a Believer of Trog.
             Quit the game on level 4 of the Dungeon.
             The game lasted 00:03:39 (3624 turns).

knot the Chopper (Demonspawn Berserker)             Turns: 3624, Time: 00:03:39

Health: 33/72      AC:  8    Str: 17    XL:     6   Next: 5%
Magic:  6/6        EV: 11    Int: 11    God:    Trog [**....]
Gold:   250        SH:  0    Dex: 12    Spells: 5/5 levels left

rFire    . . .     SeeInvis .   a - +0 hand axe
rCold    . . .     Faith    .   (no shield)
rNeg     . . .     Spirit   .   w - +0 ring mail
rPois    .         Reflect  .   (helmet restricted)
rElec    .         Harm     .   (no cloak)
rCorr    .         Rampage  .   y - +0 pair of gloves
Will     ++...                  c - +0 pair of boots
Stlth    ..........             (no amulet)
HPRegen  1.22/turn              (no ring)
MPRegen  0.10/turn              (no ring)

@: berserking, regenerating, very quick
A: horns 1, rugged brown scales 1
a: Renounce Religion, Berserk, Trog's Hand


You were on level 4 of the Dungeon.
You worshipped Trog.
Trog was pleased with you.
You visited 1 branch of the dungeon, and saw 4 of its levels.

You collected 250 gold pieces.

Inventory:

Hand Weapons
 a - a +0 hand axe (weapon)
Missiles
 g - 128 stones
 o - 6 datura-tipped darts
 q - 14 sling bullets
 t - 7 poisoned darts (quivered)
 u - 4 silver javelins
Armour
 b - a +0 animal skin
 c - a +0 pair of boots (worn)
 s - a +1 robe of resistance
 w - a +0 ring mail (worn)
 y - a +0 pair of gloves (worn)
Scrolls
 e - 7 scrolls of identify {unknown}
 h - 6 scrolls of teleportation {unknown}
 i - 3 scrolls of remove curse {unknown}
 l - a scroll of fog {unknown}
 v - 4 scrolls of immolation {unknown}
 x - a scroll of noise {unknown}
 A - a scroll of fear {unknown}
Potions
 d - 2 potions of magic {unknown}
 f - 3 potions of attraction {unknown}
 j - a potion of mutation {unknown}
 k - a potion of might {unknown}
 m - 2 potions of lignification {unknown}
 n - 2 potions of heal wounds {unknown}
 p - 2 potions of degeneration {unknown}
 r - a potion of cancellation {unknown}
 z - a potion of haste {unknown}
 B - a potion of flight {unknown}


   Skills:
 - Level 3.0 Fighting
 * Level 5.4 Axes
 * Level 2.8 Throwing
 - Level 1.7 Armour
 - Level 1.7 Dodging


You had 5 spell levels left.
You didn't know any spells.
Your spell library was empty.

Dungeon Overview and Level Annotations

Branches:
Dungeon (4/15)
 Temple: D:4-7

Altars:
Elyvilon
Fedhas
Zin
The Shining One

Annotations:
D:3 2 transporters, backslashecho's ghost, amateur HuFi


Innate Abilities, Weirdness & Mutations

You have a pair of small horns on your head.
You are partially covered in rugged brown scales. (AC +1, +3% HP)


Message History

Sigmund hits you with a +0 scythe.
You closely miss Sigmund. You headbutt Sigmund.
Sigmund is moderately wounded.
You slash Sigmund! You headbutt Sigmund!
Sigmund is almost dead.
Sigmund barely misses you.
You slash Sigmund!
You kill Sigmund!
Trog accepts your kill.
Trog appreciates your killing of a magic user.
Your Axes skill increases to level 5!
Your Throwing skill increases to level 2!
You have reached level 5!
Your demonic ancestry asserts itself...
Rugged brown scales grow over part of your body.
You have reached level 6!
Your experience leads to an increase in your attributes!
Increase (S)trength, (I)ntelligence, or (D)exterity?
You feel clever.
Are you sure you want to abandon this character and quit the game? (Confirm with "yes".)

#......########
#######
#......#
#......##
######..###
##...# #####.#
## #.....# ##.
#.....## .....
#.@....# ####.
#).....# ##.
#......... ...
#........# ###.
......##... #.
.......# ### #.
##......# #.
##...... ...
###


There were no monsters in sight!

Vanquished Creatures
  Sigmund (D:4)
  An orc priest (D:3)
  2 adders
  An ooze (D:1)
  A worm (D:2)
  A dart slug (D:1)
  2 leopard geckos
  3 orcs (D:3)
  7 bats
  6 giant cockroaches
  6 goblins
  7 hobgoblins
  7 kobolds
  A quokka (D:3)
  A ball python (D:3)
  5 frilled lizards
  6 rats
58 creatures vanquished.

Vanquished Creatures (collateral kills)
  An adder (D:2)
1 creature vanquished.

Grand Total: 59 creatures vanquished

Notes
Turn   | Place    | Note
-------+----------+-------------------------------------------
     0 | D:1      | knot the Demonspawn Berserker began the quest for the Orb.
     0 | D:1      | Reached XP level 1. HP: 18/18 MP: 1/1
   112 | D:1      | Reached skill level 3 in Axes
   113 | D:1      | Gained mutation: You have a pair of small horns on your
                  | head. [demonic ancestry]
   113 | D:1      | Reached XP level 2. HP: 24/24 MP: 2/2
   442 | D:1      | Reached ** piety under Trog
   504 | D:1      | Reached XP level 3. HP: 29/29 MP: 3/3
   753 | D:2      | Found a white marble altar of Elyvilon.
   820 | D:2      | Reached skill level 4 in Axes
  2483 | D:3      | Reached XP level 4. HP: 26/35 MP: 4/4
  2586 | D:3      | Found a transporter.
  2605 | D:3      | Found a faded altar of an unknown god.
  2858 | D:3      | Found a transporter.
  2920 | D:3      | Noticed a small abomination
  2928 | D:3      | Reached skill level 1 in Throwing
  2961 | D:3      | Identified the +10 whip of Qenwoegy {distort, Str+4}
  3009 | D:3      | Noticed backslashecho's ghost (amateur HuFi)
  3219 | D:3      | Found a blossoming altar of Fedhas.
  3477 | D:3      | Found a glowing silver altar of Zin.
  3478 | D:3      | Found a white marble altar of Elyvilon.
  3479 | D:3      | Found a glowing golden altar of the Shining One.
  3615 | D:4      | Noticed Sigmund
  3623 | D:4      | Killed Sigmund
  3624 | D:4      | Reached skill level 5 in Axes
  3624 | D:4      | Gained mutation: You are partially covered in rugged brown
                  | scales. (AC +1, +3% HP) [demonic ancestry]
  3624 | D:4      | Reached XP level 5. HP: 29/42 MP: 5/5
  3624 | D:4      | Reached XP level 6. HP: 33/48 MP: 6/6
  3624 | D:4      | Quit the game

Illustrated notes

Levels and vault maps discovered:
D:1:      giann_wishing_wells, layout_rooms
D:2:      layout_basic, grunt_ministairs_13, elyvilon_altar_1
D:3:      layout_basic, good_gods_temple_1, gammafunk_ghost_abyssal_escape,
          chequers_ecumenical_altar_simple, fedhas_ov_isle_minmay
D:4:      layout_rooms, nicolae_overflow_crystal_walls, kennysheep_small_square,
          uniq_robin, uniq_sigmund

Skill      XL: |  1  2  3  4 |
---------------+-------------+-----
Axes           | 3 4 5 |  5.4
Throwing       | 2 |  2.8
Fighting       | |  3.0
Armour         | |  1.7
Dodging        | |  1.7

Action                   |  1- 3 |  4- 6 || total
-------------------------+-------+-------++-------
Melee: Hand axe          |   127 |    57 ||   184
       Headbutt          |    20 |     8 ||    28
Throw: Dart              |     8 |    18 ||    26
Invok: Berserk           |     1 |     1 ||     2
       Trog's Hand       |       |     1 ||     1
 Stab: Sleeping          |     1 |       ||     1
Armor: Animal skin       |    31 |       ||    31
       Ring mail         |     9 |    33 ||    42
Dodge: Dodged            |    74 |    45 ||   119

Table legend: (Time is in decaauts)
 A = Elapsed time spent in this place.
 B = Non-inter-level travel time spent in this place.
 C = Inter-level travel time spent in this place.
 D = Time resting spent in this place.
 E = Time spent auto-exploring this place.
 F = Levels seen in this place.
 G = Mean time per level.
                   A        B        C        D        E       F      G
               +--------+--------+--------+--------+--------+-----+--------+
         Total |   3655 |   3597 |     58 |    797 |   2330 |   4 |  913.8 |
       Dungeon |   3655 |   3597 |     58 |    797 |   2330 |   4 |  913.8 |
               +--------+--------+--------+--------+--------+-----+--------+

Top non-repeatable levels by time:
     D:2: 1867 daAuts
     D:3: 1054 daAuts
     D:1: 632 daAuts
     D:4: 100 daAuts
